 Dungeon Crawl Stone Soup version 0.28-a0-643-g84cb2ea78e (webtiles) character file.

Game seed: 13779101005118120382

107788 ytrimaz the Grappler (level 16, -16/261 HPs)
             Began as a Troll Berserker on Oct 10, 2021.
             Was a High Priest of Trog.
             Killed from afar by a wretched star (19 damage)
             ... with a lance of force
             ... on level 3 of the Abyss.
             The game lasted 00:51:43 (23047 turns).

ytrimaz the Grappler (Troll Berserker)             Turns: 23047, Time: 00:51:44

Health: -16/261    AC: 22    Str: 33    XL:     16   Next: 1%
Magic:  10/10      EV: 11    Int: 10    God:    Trog [*****.]
Gold:   1043       SH:  0    Dex:  7    Spells: 15/15 levels left

rFire   . . .      SeeInvis .     - Unarmed
rCold   + . .      Faith    .   (no shield)
rNeg    . . .      Spirit   .   p - +2 swamp dragon scales
rPois   +          Reflect  .   M - +1 hat {Int+3}
rElec   +          Harm     .   j - +1 cloak
rCorr   +          Rampage  +   (gloves unavailable)
Will    +....      Rage     3%  (boots unavailable)
Stlth   ..........              D - amulet of Attitude {Acrobat Rampage rC+ Str+3}
HPRegen 1.53/turn               y - ring of Balance {rElec rCorr Int+4 Stlth-}
MPRegen 0.12/turn               o - +4 ring of protection

@: berserking, studying Fighting, unable to read, very quick
A: large, unfitting armour, claws 3, regeneration 1, shaggy fur 1, tough skin 1,
[berserk 2], [clumsy 1], [low mp 3], [weak 2]
a: Renounce Religion, Berserk, Trog's Hand, Brothers in Arms


You were on level 3 of the Abyss.
You worshipped Trog.
Trog was extremely pleased with you.
You visited 4 branches of the dungeon, and saw 22 of its levels.
You visited the Abyss 1 time.
You also visited: Gauntlet and Ice Cave.

You collected 2296 gold pieces.
You spent 1253 gold pieces at shops.

Inventory:

Hand Weapons
 T - a +3 great sword of flaming
Armour
 j - a +1 cloak (worn)
 p - +2 swamp dragon scales (worn)
 v - a +0 tower shield
 w - a +0 hat of willpower
 A - a scarf of resistance
 H - a +0 troll leather armour
 M - a +1 hat of intelligence (worn)
Jewellery
 l - a ring of protection from fire
 m - a ring of ice
 o - a +4 ring of protection (right claw)
 q - a ring of resist corrosion
 y - the ring of Balance (left claw) {rElec rCorr Int+4 Stlth-}
   (You found it on level 8 of the Dungeon)

   [ring of resist corrosion]

   Int:       It affects your intelligence (+4).
   rElec:     It insulates you from electricity.
   rCorr:     It protects you from acid and corrosion.
   Stlth:     It makes you less stealthy.
 z - a +6 ring of intelligence
 D - the amulet of Attitude (around neck) {Acrobat Rampage rC+ Str+3}
   (You acquired it on level 3 of the Lair of Beasts)

   [amulet of the acrobat]

   It increases your evasion while moving and waiting.
   Str:       It affects your strength (+3).
   rC:        It protects you from cold.
   Rampage:   It bestows one free step when moving towards enemies.
 I - a +4 ring of protection
 N - a ring of protection from cold
 O - an amulet of faith
 Q - a ring of protection from cold
 R - a +4 ring of protection
Wands
 a - a wand of paralysis (34)
 r - a wand of mindburst (24)
 s - a wand of flame (99)
 u - a wand of charming (21)
 x - a wand of iceblast (18)
 B - a wand of polymorph (7)
Scrolls
 b - 8 scrolls of teleportation
 h - 7 scrolls of noise
 i - 4 scrolls of enchant weapon
 t - 6 scrolls of identify
 C - a scroll of silence
 F - a scroll of holy word
 G - a scroll of blinking
 J - a scroll of fog
 S - a scroll of fear
Potions
 c - 4 potions of berserk rage
 d - 8 potions of curing
 e - 2 potions of flight
 f - 5 potions of mutation
 g - a potion of magic
 k - 2 potions of ambrosia
 n - 2 potions of lignification
 K - a potion of cancellation
 L - a potion of attraction
 P - a potion of might


   Skills:
 * Level 14.3 Fighting
 + Level 13.0 Armour
 - Level 11.0 Dodging
 - Level 4.1 Shields
 + Level 14.6 Unarmed Combat


You had 15 spell levels left.
You didn't know any spells.
Your spell library was empty.

Dungeon Overview and Level Annotations

Branches:
Dungeon (13/15)            Temple (1/1) D:4            Lair (6/6) D:8
 Shoals (0/4) Lair:2        Snake (0/4) Lair:2        Slime (0/5) Lair:6
    Orc (2/2) D:9             Elf (0/3) Orc:2         IceCv (visited)
Gauntlet (visited)
 Vaults: D:13-14

Altars:
Ashenzari
Cheibriados
Dithmenos
Elyvilon
Fedhas
Gozag
Hepliaklqana
Kikubaaqudgha
Makhleb
Nemelex Xobeh
Okawaru
Qazlal
Ru
Sif Muna
Trog
Uskayaw
Vehumet
Wu Jian
Xom
Yredelemnul
Zin
The Shining One

Shops:
D:8 [*[[   Orc:2 :[*:!

Portals:
Pandemonium: Orc:2
Trove: D:11 (give +2 gold dragon scales)

Annotations:
Gauntlet 18 runed translucent doors, 8 transporters, exclusion: 3 lightning spires


Innate Abilities, Weirdness & Mutations

You are too large for most types of armour.
You have claws for hands.
Your natural rate of healing is unusually fast.
You are covered in fur. (AC +1)
You have tough skin. (AC +1)
[You often lose your temper in combat.]
[You are clumsy. (Dex -2)]
[Your magical capacity is extremely low. (-30% MP)]
[You are very weak. (Str -4)]


Message History

Unknown command.
You scratch the wretched star. You claw the wretched star!!
The wretched star is heavily damaged.
Something touches you.
* * * LOW HITPOINT WARNING * * *
You feel drained.
You claw the wretched star! You claw the wretched star!!
You destroy the wretched star!
Trog accepts your kill.
The wretched star glows turbulently.
The lance of force hits you!!
* * * LOW HITPOINT WARNING * * *
You are knocked back by the lance of force.
You slam into the rock wall!
* * * LOW HITPOINT WARNING * * *
Something touches you but does no damage.
You mangle something!! Trog accepts your kill.
Trog appreciates your killing of a magic user.
Reactivating autopickup.
You feel a bit more experienced.
The wretched star pulses with an eldritch light!
Your body twists and deforms.
You feel the corruption within you wane somewhat.
You feel agile.
You can once more read scrolls while threatened.
Your body's shape seems more normal.
You feel robust.
Your life force feels restored.
Your Armour skill increases to level 13!
You have reached level 16!
Unknown command.
You rampage towards the wretched star!
You scratch the wretched star but do no damage.
The wretched star is almost destroyed.
The substance of the Abyss twists violently, and a gateway leading out appears!
You closely miss the wretched star.
The wretched star is almost destroyed.
The wretched star glows turbulently.
The lance of force hits you!!
You die...

.. #....... .#
....... . ..... . #
#...## ##. . ###
##....####.
#..####...#..........
.. . . .
.......*ยง......
##....# .##..@#. #
...# #. ###.# # # # #
# ### #.#.#... . . .#
.# # #####


You could see a wretched star.

Vanquished Creatures
  2 bone dragons (Abyss:3)
  Rupert (D:12)
  A lich (Abyss:3)
  Gastronok (D:8)
  A reaper (IceCv)
  A dire elephant (Lair:6)
  A fire dragon (Lair:6)
  2 hydras
  2 catoblepae
  3 demonspawn (Orc:2)
  2 two-headed ogres (D:13)
  19 death yaks
  6 orc high priests (Orc:2)
  2 thrashing horrors (Abyss:3)
  Sonja (Lair:3)
  A soul eater (Orc:2)
  A wretched star (Abyss:3)
  A glowing orange brain (Gauntlet)
  2 sixfirhies (Orc:2)
  A swamp dragon (Lair:6)
  A bunyip skeleton (Abyss:3)
  A large abomination (Abyss:3)
  Pikel (D:4)
  4 cyclopes
  An ugly thing (D:8)
  4 orc knights
  A wolf spider (Lair:6)
  7 orc sorcerers (Orc:2)
  39 elephants
  11 black mambas
  2 ice statues (IceCv)
  An eye of devastation (Lair:6)
  Maggie (D:6)
  11 cane toads
  2 gargoyles
  14 komodo dragons
  5 rime drakes
  An efreet (Gauntlet)
  An entropy weaver simulacrum (IceCv)
  6 ice devils (IceCv)
  A polar bear (Lair:4)
  4 trolls
  Prince Ribbit (D:9)
  4 hornets
  A blink frog (shapeshifter) (D:13)
  A blink frog (Lair:6)
  6 dream sheep
  3 redbacks
  16 wyverns
  2 shadows
  A vampire (D:9)
  2 dire elephant simulacra (IceCv)
  2 fire elementals (Gauntlet)
  A wraith (D:12)
  A ynoxinul (Orc:2)
  2 steam dragons
  3 basilisks (Lair:6)
  36 yaks
  A death yak simulacrum (IceCv)
  An acid dragon (Lair:6)
  26 water moccasins
  3 hell hounds
  33 orc warriors
  A floating eye (Lair:6)
  2 swamp drakes (Lair:6)
  2 sky beasts
  A small abomination (Abyss:3)
  Duvessa (D:5)
  An ice beast (D:6)
  A hornet zombie (D:5)
  3 black bears
  2 necrophages
  9 wolves
  7 ogres
  10 centaurs
  A lemure (D:4)
  A phantom (D:5)
  A kobold brigand (D:10)
  11 bullfrogs
  A gnoll sergeant (D:8)
  3 two-headed ogre simulacra (IceCv)
  Dowan (D:5)
  A wyvern skeleton (D:5)
  2 water moccasin zombies
  2 water moccasin skeletons (D:5)
  An elephant simulacrum (IceCv)
  5 killer bees
  4 howler monkeys
  2 wights (D:4)
  An electric eel (Lair:3)
  4 bullfrog zombies
  A centaur skeleton (D:7)
  4 centaur zombies
  5 hounds
  24 orc priests
  A jelly (D:4)
  A human zombie (D:4)
  A bullfrog skeleton (D:5)
  4 iguanas
  13 orc wizards
  A scorpion zombie (D:4)
  2 troll simulacra (IceCv)
  A spriggan simulacrum (IceCv)
  3 wolf simulacra (IceCv)
  2 hound skeletons (D:5)
  13 gnolls
  7 adders
  4 naga simulacra (IceCv)
  2 shadow imps
  2 white imps (IceCv)
  5 ufetubi
  4 adder zombies (D:4)
  A worm (D:3)
  2 dart slugs
  71 orcs
  9 endoplasms
  6 giant cockroaches
  8 goblins
  11 hobgoblins
  14 jackals
  7 quokkas
  8 ball pythons
  15 bats
  4 frilled lizards
  7 kobolds
  A quokka skeleton (D:3)
  10 rats
  A lurking horror (Abyss:3)
672 creatures vanquished.

Vanquished Creatures (collateral kills)
  8 hydras
  The ghost of Sabo the Cruncher, a novice FoFi of Hepliaklqana (D:8)
  A glowing orange brain (Gauntlet)
  An ugly thing (Gauntlet)
  A moth of wrath (D:8)
  A worldbinder (Abyss:3)
  An elephant (Lair:4)
  A black mamba (Lair:6)
  2 smoke demons (Abyss:3)
  A gargoyle (D:12)
  An unseen horror (D:12)
  2 rime drakes (D:12)
  A demonic crawler (Abyss:3)
  3 hellwings (Abyss:3)
  A basilisk (Lair:6)
  A chaos spawn (Abyss:3)
  2 water moccasins (Lair:6)
  3 hell hounds (Abyss:3)
  3 ice beasts (D:8)
  A butterfly (Lair:4)
  A plant (Lair:6)
37 creatures vanquished.

Vanquished Creatures (others)
  An iguana (Lair:6)
  25 fungi
  58 plants
84 creatures vanquished.

Grand Total: 793 creatures vanquished

Notes
Turn   | Place    | Note
-------+----------+-------------------------------------------
     0 | D:1      | ytrimaz the Troll Berserker began the quest for the Orb.
     0 | D:1      | Reached XP level 1. HP: 22/22 MP: 0/0
   106 | D:1      | Reached XP level 2. HP: 26/29 MP: 1/1
   566 | D:1      | Reached ** piety under Trog
   574 | D:1      | Reached XP level 3. HP: 36/36 MP: 2/2
   905 | D:2      | Reached XP level 4. HP: 42/44 MP: 3/3
   968 | D:2      | Found a faded altar of an unknown god.
  1480 | D:2      | Reached *** piety under Trog
  2030 | D:3      | Reached XP level 5. HP: 50/50 MP: 4/4
  2336 | D:3      | Noticed a sky beast
  2353 | D:3      | Killed a sky beast
  2354 | D:3      | Reached skill level 5 in Unarmed Combat
  2398 | D:3      | Reached XP level 6. HP: 61/61 MP: 5/5
  2774 | D:4      | Found a sacrificial altar of Ru.
  2913 | D:4      | Noticed Pikel
  2934 | D:4      | Killed Pikel
  2935 | D:4      | Reached XP level 7. HP: 67/67 MP: 6/6
  2948 | D:4      | Reached skill level 5 in Dodging
  3078 | D:4      | Reached **** piety under Trog
  3125 | D:4      | Reached XP level 8. HP: 61/75 MP: 7/7
  3163 | D:4      | Found a basalt altar of Yredelemnul.
  3241 | D:4      | Found a staircase to the Ecumenical Temple.
  3266 | Temple   | Entered the Ecumenical Temple
  3625 | D:5      | Entered Level 5 of the Dungeon
  3642 | D:5      | Noticed Duvessa
  3650 | D:5      | Noticed Dowan
  3651 | D:5      | Killed Duvessa
  3708 | D:5      | Killed Dowan
  3879 | D:5      | Reached XP level 9. HP: 77/85 MP: 8/8
  4194 | D:5      | Found a basalt altar of Yredelemnul.
  4436 | D:6      | Reached ***** piety under Trog
  4471 | D:6      | Reached skill level 5 in Fighting
  4506 | D:6      | Noticed Maggie
  4516 | D:6      | Killed Maggie
  4579 | D:6      | Found a shadowy altar of Dithmenos.
  5186 | D:7      | Reached skill level 1 in Armour
  5332 | D:7      | Reached skill level 10 in Unarmed Combat
  5604 | D:7      | Noticed a +0 hand axe
  5605 | D:7      | Noticed a +0 hand axe
  5607 | D:7      | Found a hide-covered altar of Uskayaw.
  5874 | D:8      | Found Odean's Antique Armour Shoppe.
  5898 | D:8      | Bought a tower shield for 85 gold pieces
  5919 | D:8      | Noticed Gastronok
  5942 | D:7      | Reached XP level 10. HP: 82/97 MP: 9/9
  6079 | D:8      | Killed Gastronok
  6095 | D:8      | Found Weimuh's Armour Emporium.
  6196 | D:8      | Found a staircase to the Lair.
  6215 | D:8      | Found a blossoming altar of Fedhas.
  6227 | D:8      | Found a transporter.
  6236 | D:8      | Found a transporter.
  6237 | D:8      | Noticed a red ugly thing
  6240 | D:8      | Found Sasteligia's Armour Shop.
  6247 | D:8      | Found a bloodstained altar of Trog.
  6249 | D:8      | Found a snail-covered altar of Cheibriados.
  6300 | D:8      | Killed a red ugly thing
  6397 | D:8      | Found Itagoal's General Store.
  6405 | D:8      | Bought a potion of magic for 112 gold pieces
  6422 | D:8      | Found a transporter.
  6615 | D:8      | Noticed a moth of wrath
  6623 | D:8      | Found a transporter.
  6646 | D:8      | Noticed Sabo's ghost (novice FoFi)
  6704 | D:8      | Killed Sabo's ghost
  6707 | D:8      | Killed a moth of wrath
  6708 | D:8      | Reached skill level 5 in Armour
  6716 | D:8      | Identified the ring of Balance {rElec rCorr Int+4 Stlth-}
  7023 | D:9      | Reached XP level 11. HP: 105/105 MP: 10/10
  7074 | D:9      | Noticed Prince Ribbit
  7122 | D:9      | Found a staircase to the Orcish Mines.
  7129 | D:9      | Killed Prince Ribbit
  7351 | D:9      | Received a gift from Trog
  7647 | Lair:1   | Entered Level 1 of the Lair of Beasts
  7993 | Lair:1   | Noticed a six-headed hydra
  8001 | Lair:1   | Noticed a six-headed hydra
  8002 | Lair:1   | Killed an 11-headed hydra
  8197 | Lair:1   | Killed a six-headed hydra
  8906 | Lair:2   | Reached XP level 12. HP: 78/118 MP: 11/11
  9056 | Lair:2   | Reached skill level 10 in Dodging
  9258 | Lair:2   | Found a staircase to the Shoals.
  9263 | Lair:2   | Noticed a death yak
  9264 | Lair:2   | Noticed a death yak
  9264 | Lair:2   | Noticed a death yak
  9264 | Lair:2   | Noticed a death yak
  9269 | Lair:2   | Noticed a death yak
  9269 | Lair:2   | Noticed a death yak
  9294 | Lair:2   | Killed a death yak
  9301 | Lair:2   | Killed a death yak
  9306 | Lair:2   | Killed a death yak
  9316 | Lair:2   | Killed a death yak
  9318 | Lair:2   | Killed a death yak
  9321 | Lair:2   | Killed a death yak
  9477 | Lair:2   | Found a staircase to the Snake Pit.
  9816 | Lair:3   | Noticed Sonja
  9855 | Lair:3   | Killed Sonja
 10090 | Lair:3   | Noticed a catoblepas
 10109 | Lair:3   | Killed a catoblepas
 10218 | Lair:3   | Noticed a six-headed hydra
 10226 | Lair:3   | Killed a seven-headed hydra
 10788 | Lair:3   | Identified a scroll of acquirement
 10788 | Lair:3   | Acquired the amulet of Attitude {Acrobat Rampage rC+ Str+3}
 10965 | Lair:4   | Noticed a five-headed hydra
 10981 | Lair:4   | Killed a seven-headed hydra
 10982 | Lair:4   | Reached XP level 13. HP: 119/131 MP: 12/12
 11311 | Lair:3   | Reached skill level 10 in Armour
 11443 | Lair:4   | You fall into a shaft and drop 2 floors!
 11443 | Lair:6   | Entered Level 6 of the Lair of Beasts
 11443 | Lair:6   | Found a staircase to the Slime Pits.
 11498 | Lair:4   | Reached skill level 10 in Fighting
 12795 | Lair:5   | Reached skill level 1 in Shields
 14088 | Lair:6   | Reached XP level 14. HP: 146/146 MP: 13/13
 16554 | Lair:6   | Identified the +6 quarterstaff of Budawiuba {venom, rPois
                  | Dex+2}
 16754 | Orc:1    | Entered Level 1 of the Orcish Mines
 17091 | Orc:2    | Entered Level 2 of the Orcish Mines
 17235 | Orc:2    | Reached ****** piety under Trog
 17269 | Orc:2    | Found Aladyrho's Self-Improvement Boutique.
 17367 | Orc:2    | Bought a manual of Fighting for 880 gold pieces
 17456 | Orc:2    | Found a staircase to the Elven Halls.
 17482 | Orc:2    | Identified the +5 battleaxe "Zuesecwa" {vorpal, SInv} (Trog
                  | gifted it to you on level 2 of the Orcish Mines)
 17482 | Orc:2    | Received a gift from Trog
 17663 | Orc:2    | Found Xexiro's General Store.
 17663 | Orc:2    | Found Wudghous's Distillery.
 17847 | Orc:2    | Reached XP level 15. HP: 81/158 MP: 14/14
 17971 | Orc:2    | Bought a scroll of fog for 22 gold pieces
 17973 | Orc:2    | Bought a potion of cancellation for 112 gold pieces
 17973 | Orc:2    | Bought a potion of attraction for 42 gold pieces
 18112 | Orc:2    | Paralysed by an orc sorcerer for 2 turns
 18569 | Orc:2    | Found Bocohit's Book Shoppe.
 18569 | Orc:2    | Found Notinnu's Antique Armour Emporium.
 18570 | Orc:2    | Found a one-way gate leading to the halls of Pandemonium.
 18689 | D:10     | Entered Level 10 of the Dungeon
 18865 | D:10     | Found an iron altar of Okawaru.
 18865 | D:10     | Found a broken altar of Ashenzari.
 18870 | D:10     | Found a shimmering blue altar of Sif Muna.
 19797 | D:11     | Found a portal to a secret trove of treasure.
 19806 | D:11     | Received a gift from Trog
 20410 | D:12     | Noticed Rupert
 20421 | D:12     | Found a frozen archway.
 20427 | IceCv    | Entered an ice cave
 21286 | D:12     | Killed Rupert
 22076 | D:13     | Found a gate leading to a gauntlet.
 22134 | Gauntlet | Entered a Gauntlet
 22134 | Gauntlet | Found a large runed translucent door.
 22134 | Gauntlet | Found a large runed translucent door.
 22134 | Gauntlet | Found a large runed translucent door.
 22134 | Gauntlet | Found a large runed translucent door.
 22134 | Gauntlet | Found a large runed translucent door.
 22134 | Gauntlet | Found a large runed translucent door.
 22134 | Gauntlet | Found a runed translucent door.
 22134 | Gauntlet | Found a transporter.
 22134 | Gauntlet | Found a runed translucent door.
 22134 | Gauntlet | Found a large runed translucent door.
 22134 | Gauntlet | Found a large runed translucent door.
 22134 | Gauntlet | Found a large runed translucent door.
 22134 | Gauntlet | Found a large runed translucent door.
 22134 | Gauntlet | Found a large runed translucent door.
 22134 | Gauntlet | Found a large runed translucent door.
 22222 | Gauntlet | Found a large runed translucent door.
 22222 | Gauntlet | Found a large runed translucent door.
 22222 | Gauntlet | Found a large runed translucent door.
 22222 | Gauntlet | Found a large runed translucent door.
 22230 | Gauntlet | Found a runed translucent gate.
 22230 | Gauntlet | Found a runed translucent gate.
 22230 | Gauntlet | Found a transporter.
 22230 | Gauntlet | Found a runed translucent gate.
 22243 | Gauntlet | Found a transporter.
 22246 | Gauntlet | Found a transporter.
 22256 | Gauntlet | Found a transporter.
 22277 | Gauntlet | Found a transporter.
 22290 | Gauntlet | Found a transporter.
 22308 | Gauntlet | Found a transporter.
 22312 | Gauntlet | Found a transporter.
 22316 | Gauntlet | Found a runed translucent door.
 22320 | Gauntlet | Found a transporter.
 22329 | Gauntlet | Found a runed translucent door.
 22350 | Gauntlet | Found a transporter.
 22350 | Gauntlet | Found a transporter.
 22660 | Gauntlet | Identified the +8 glaive of Ramig {distort, rC++ Int+2
                  | Dex-4}
 22663 | Gauntlet | Cast into level 3 of the Abyss (minotaur)
 22762 | Abyss:3  | Received a gift from Trog
 22781 | Abyss:3  | Noticed a bone dragon
 22794 | Abyss:3  | Killed a bone dragon
 23011 | Abyss:3  | Noticed a bone dragon
 23015 | Abyss:3  | Noticed a lich
 23040 | Abyss:3  | Killed a bone dragon
 23044 | Abyss:3  | HP: 8/216 [wretched star/lance of force (20)]
 23044 | Abyss:3  | HP: 1/216 [rock wall collision (7)]
 23045 | Abyss:3  | Killed a lich
 23046 | Abyss:3  | Reached XP level 16. HP: 2/174 MP: 10/10
 23047 | Abyss:3  | Killed from afar by a wretched star

Illustrated notes

Levels and vault maps discovered:
D:1:      dpeg_arrival_round_a, layout_basic, st_stairs_7, nrook_mini_vaults
D:2:      layout_loops_corners, hellmonk_ecumenical_altar_arch_garden,
          minmay_misc_feat_diagonals, grunt_ministairs_4, minmay_misc_feat_chi,
          minmay_pentomino_p2
D:3:      minmay_general_purpose_star, layout_basic, dk_noncrumbling_4
D:4:      layout_basic, mainiacjoe_overflow_surrounded_room,
          lemuel_mausoleum_altar_yredelemnul,
          minmay_temple_entry_drinking_statues, uniq_pikel
D:5:      layout_cave_pools, grunt_ministairs_1, minmay_ruined_shrine,
          uniq_duvessa
D:6:      layout_cave_pools, amcnicky_altar_gilded, uniq_maggie
D:7:      layout_basic, dancing_weapons_uskayaw
D:8:      layout_rooms, fedhas_altar_1, gammafunk_temple_overflow_arena,
          lair_entry_dummy, gammafunk_ghost_berserking_beasts, serial_shops,
          shop, shop_coins, shop, nicolae_shop_temple_entry_statues_fountains,
          uniq_gastronok
D:9:      statuecave_lemuel, layout_gridville, hiddenorc1_lemuel,
          uniq_prince_ribbit1
D:10:     cheibrodos_barr_body, layout_irregular_city, minitemple
D:11:     layout_loops_ring, nicolae_trove_entry_free_sample
D:12:     layout_irregular_city, portal_ice_cave_rime, small_statue_alley_a,
          uniq_rupert
D:13:     layout_roguey [special_room_orc], erik_vaults_1,
          gauntlet_entry_generic
Temple:   minmay_temple_bridge_abc
Lair:1:   layout_gridlike
Lair:2:   layout_cave_shapes, elwin_shoals_entry_rocks,
          minmay_snake_entry_six_corridors
Lair:3:   layout_small_grid, serial_bayou_shore_a, uniq_sonja
Lair:4:   layout_cave_pods, minivault_23, infiniplex_staircase_pool_2,
          grunt_megastairs_2, lemuel_fruit_fields
Lair:5:   layout_regular_city, grunt_megastairs_3
Lair:6:   guppyfry_lair_end_dragon, layout_cave_pods,
          hangedman_lair_tendril_chambers, minmay_slime_entry_eyes,
          minmay_shattered_shrine, lemuel_fruit_tree, infiniplex_staircase_pool
Orc:1:    layout_diamond_mine
Orc:2:    pf_orc_diabolical, layout_caves, nicolae_shop_self_help
Abyss:3:  base:
Lair:3
Gauntlet: minmay_gauntlet_mixed_oops_all_seconds
          [minmay_gauntlet_arena_77_shame_cube,
          minmay_gauntlet_arena_make_your_own_arena,
          minmay_gauntlet_arena_77_mess, gammafunk_gauntlet_arena_split_diamond,
          minmay_gauntlet_arena_77_two_lines, gammafunk_gauntlet_arena_corners,
          nicolae_gauntlet_exit_dead_adventurers]

Skill      XL: |  1  2  3  4  5  6  7  8  9 10 11 12 13 14 15 |
---------------+----------------------------------------------+-----
Unarmed Combat | 4 5 6 7 8 10 11 14 | 14.6
Dodging        | 3 4 5 6 7 8 9 11 | 11.0
Fighting       | 3 4 5 6 7 9 11 12 14 | 14.3
Armour         | 2 5 7 9 11 12 13 | 13.0
Shields        | 2 4 |  4.1

Action                   |  1- 3 |  4- 6 |  7- 9 | 10-12 | 13-15 | 16-18 || total
-------------------------+-------+-------+-------+-------+-------+-------++-------
Melee: Unarmed           |   107 |   179 |   273 |   505 |  1282 |     2 ||  2348
       Punch             |     2 |     3 |    14 |    34 |   111 |       ||   164
Invok: Berserk           |       |     1 |     2 |     5 |     7 |       ||    15
       Brothers in Arms  |       |       |       |     5 |    10 |       ||    15
       Trog's Hand       |       |       |       |     1 |     1 |       ||     2
  Use: Scroll            |       |     1 |    14 |    12 |    13 |       ||    40
       Potion            |       |       |       |     2 |     8 |       ||    10
 Stab: Sleeping          |     1 |       |       |       |       |       ||     1
       Confused          |       |       |       |       |     3 |       ||     3
       Distracted        |       |       |       |       |     2 |       ||     2
Armor: Animal skin       |    57 |    80 |    44 |       |       |       ||   181
       Swamp dragon scal |       |       |    51 |   295 |   911 |       ||  1257
       Troll leather arm |       |       |       |       |    10 |       ||    10
Dodge: Dodged            |    74 |   123 |   145 |   291 |  1235 |       ||  1868

Table legend: (Time is in decaauts)
 A = Elapsed time spent in this place.
 B = Non-inter-level travel time spent in this place.
 C = Inter-level travel time spent in this place.
 D = Time resting spent in this place.
 E = Time spent auto-exploring this place.
 F = Levels seen in this place.
 G = Mean time per level.
                   A        B        C        D        E       F      G
               +--------+--------+--------+--------+--------+-----+--------+
         Total |  22750 |  21939 |    811 |   4945 |  10999 |  25 |  910.0 |
       Dungeon |  10076 |   9648 |    428 |   1018 |   6100 |  13 |  775.1 |
        Temple |    199 |    189 |     10 |      0 |    167 |   1 |  199.0 |
          Lair |   8902 |   8600 |    302 |   2743 |   3793 |   6 | 1483.7 |
  Orcish Mines |   1840 |   1770 |     70 |    459 |    661 |   2 |  920.0 |
         Abyss |    379 |    379 |      0 |    174 |     37 |   1 |  379.0 |
      Ice Cave |    818 |    818 |      0 |    415 |    107 |   1 |  818.0 |
      Gauntlet |    534 |    534 |      0 |    135 |    134 |   1 |  534.0 |
               +--------+--------+--------+--------+--------+-----+--------+

Top non-repeatable levels by time:
  Lair:6: 2490 daAuts
  Lair:3: 1690 daAuts
  Lair:4: 1586 daAuts
   Orc:2: 1396 daAuts
  Lair:5: 1172 daAuts
  Lair:1: 1169 daAuts
     D:3: 1044 daAuts
     D:8: 967 daAuts
     D:2: 862 daAuts
     D:7: 853 daAuts
    D:11: 849 daAuts
    D:12: 829 daAuts
   IceCv: 818 daAuts
    D:10: 803 daAuts
  Lair:2: 793 daAuts
